Connexion

FLORIDA Panthers vs BOSTON Bruins

Created - 8 janvier 2024 at 05:47

Goals
1 2 3 T
FLORIDA Panthers 3 1 0 4
BOSTON Bruins 1 0 0 1
Shots
1 2 3 T
FLORIDA Panthers 11 7 10 28
BOSTON Bruins 9 13 5 27

GoalsPenalties
1st period
1. FLORIDA Panthers , Justin Scott 9 (Michael Bunting 5, Jacob Trouba 15) at 1:26
2. BOSTON Bruins , Jonathan Marchessault 30 (Elias Pettersson 30) at 5:36
3. FLORIDA Panthers , Rickard Rakell 14 (Jared Spurgeon 27, Justin Scott 16) at 10:48
4. FLORIDA Panthers , Justin Scott 10 (Connor Timmins 19) at 18:34
Petr Mrazek (FLO) for Slashing (Minor) at 7:47 - Jacob Trouba served the penalty.
Jacob Trouba (FLO) for Interference (Minor) at 16:26
2nd period
5. FLORIDA Panthers , Barclay Goodrow 8 (Morgan Geekie 6, Mario Ferraro 21) at 7:26
Justin Scott (FLO) for Interference (Minor) at 17:00
Adam Boqvist (BOS) for Roughing (Minor) at 19:20
3rd period
No Goal
Rasmus Andersson (BOS) for Interference (Minor) at 6:21
Mikael Granlund (BOS) for Interference (Minor) at 9:14
Mikael Granlund (BOS) for Diving (Minor) at 11:30
Matt Dumba (BOS) for Hooking (Minor) at 19:12
Goalie Stats
Petr Mrazek (FLO), 26 saves from 27 shots - (0,963), W, 28-19-3, 60:00 minutes
Frederik Andersen (BOS), 14 saves from 14 shots - (1,000), 32:34 minutes
Jacob Markstrom (BOS), 10 saves from 14 shots - (0,714), L, 20-11-3, 27:26 minutes
3 StarsOfficial
1 - Justin Scott (FLO)
2 - Barclay Goodrow (FLO)
3 - Rickard Rakell (FLO)
Referees : Kelly Sutherland and Brad Watson
Linesman : Don Henderson and Andy McElman
Game Note
Frederik Andersen enters game at 7:26 of 2nd period
Finance
Level 1 -- Attendance: 6000 (100,00%) -- Ticket Income $810,000
Level 2 -- Attendance: 3559 (77,96%) -- Ticket Income $391,490
Level 3 -- Attendance: 2000 (100,00%) -- Ticket Income $110,000
Level 4 -- Attendance: 3783 (94,58%) -- Ticket Income $132,405
Luxury Box -- Attendance: 1000 (100,00%) -- Ticket Income $230,000
Game was played at the TD Garden.
Total Attendance: 16342 (93,04%)
Total Ticket Income: $1,673,895
Other Income: $334,779
Total Income: $2,008,674



Team Name Goals Shots Shots Attemp Shots Blocked PIM HIT PP PK FO%
FLORIDA Panthers 4284596130 / 5 (0%)059%
BOSTON Bruins 12751310150 / 3 (0%)041%

FLORIDA Panthers
Player Name POS G A P +/- PIM HIT SHT SB MP PP MP PP SHT PK MP PK SHT FO% FOT
Barclay GoodrowLW/RW101102208:460:0000:000100% 1
Carter VerhaegheC/RW0000000014:240:2300:4800% 0
Cody EakinC/LW0000013013:130:0000:00075% 4
Connor TimminsD0112001314:420:0000:0000% 0
Ian ColeD0000010220:324:4602:5600% 0
Jacob TroubaD0112200214:410:0000:0000% 0
Jared Spurgeon D0111011024:463:5713:0100% 0
Justin ScottC/LW/RW2132237013:454:4611:1500% 0
Kiril KaprizovLW0000005023:273:5703:5400% 2
Mario FerraroD0110013020:324:4632:5600% 0
Mark ScheifeleC0000001021:163:5704:06061% 31
Michael BuntingLW011201107:450:0000:0000% 0
Mikael BacklundC/LW0000010021:504:2301:51067% 30
Morgan GeekieC011100008:460:0000:00067% 3
Nikolay GoldobinLW/RW0000001119:333:5710:0000% 1
Noah HanifinD0001022124:463:5703:0100% 0
Rickard RakellC/LW/RW1012001012:314:4600:00038% 13
Taro HiroseLW000100008:460:0000:0000% 0
BOSTON Bruins
Player Name POS G A P +/- PIM HIT SHT SB MP PP MP PP SHT PK MP PK SHT FO% FOT
Adam BoqvistD0001221019:192:1212:2500% 0
Alex IafalloC/LW000-1000010:520:0000:0000% 0
Andre BurakovskyC/LW/RW0000004021:222:3105:49034% 29
Brandon TanevLW/RW000-200106:510:0000:5400% 0
Chris KreiderLW/RW0000032119:252:3113:5200% 3
Dmitri OrlovD000-1012227:083:4514:5300% 0
Elias PetterssonC0110002020:253:2601:30036% 33
Henri JokiharjuD000-3000014:350:0002:2800% 0
Jonathan MarchessaultRW1010012018:553:2600:00050% 2
Kaapo KakkoRW0000000015:332:3100:0000% 0
Matt DumbaD000-1212026:213:4504:0700% 0
Max LajoieD000-3010012:070:0000:0000% 0
Mikael GranlundC/LW0000425021:363:2612:430100% 1
Rasmus AnderssonD0001200020:272:1203:3300% 0
Ryan Carpenter C/RW000-200208:350:0002:38044% 9
Thomas NovakC000-1002010:520:0000:00088% 8
Walker DuehrRW000-200105:570:0000:0000% 0
Zachary SenyshynRW000-1041010:520:0000:0000% 0



Play-by-Play

1st period


0:01 of 1st period - Elias Pettersson wins face-off versus Mikael Backlund in neutral zone.
0:04 of 1st period - Shot by Matt Dumba.
0:04 of 1st period - Stopped by Petr Mrazek without a rebound.
0:05 of 1st period - Mark Scheifele wins face-off versus Andre Burakovsky in FLORIDA Panthers zone.
0:14 of 1st period - Chris Kreider is hit by Cody Eakin and loses puck.
0:48 of 1st period - Icing by Rasmus Andersson.
0:49 of 1st period - Mikael Backlund wins face-off versus Andre Burakovsky in BOSTON Bruins zone.
0:56 of 1st period - Shot by Chris Kreider.
0:56 of 1st period - Stopped by Petr Mrazek without a rebound.
0:57 of 1st period - Elias Pettersson wins face-off versus Rickard Rakell in FLORIDA Panthers zone.
1:08 of 1st period - Shot by Mikael Granlund.
1:08 of 1st period - Shot Blocked by Connor Timmins.
1:24 of 1st period - Shot by Michael Bunting.
1:24 of 1st period - Shot Misses the Net.
1:26 of 1st period - Shot by Justin Scott.
1:26 of 1st period - Goal by Justin Scott - FLORIDA Panthers : 1 - BOSTON Bruins : 0.
1:27 of 1st period - Thomas Novak wins face-off versus Mikael Backlund in neutral zone.
1:27 of 1st period - Thomas Novak is hit by Mikael Backlund.
1:31 of 1st period - Shot by Zachary Senyshyn.
1:31 of 1st period - Shot Misses the Net.
2:03 of 1st period - Shot by Kiril Kaprizov.
2:03 of 1st period - Stopped by Jacob Markstrom without a rebound.
2:04 of 1st period - Barclay Goodrow wins face-off versus Elias Pettersson in BOSTON Bruins zone.
2:07 of 1st period - Shot by Taro Hirose.
2:07 of 1st period - Shot Misses the Net.
2:12 of 1st period - Icing by Mikael Granlund.
2:13 of 1st period - Elias Pettersson wins face-off versus Morgan Geekie in BOSTON Bruins zone.
2:22 of 1st period - Ian Cole is hit by Jonathan Marchessault and loses puck.
2:56 of 1st period - Off-side.
2:57 of 1st period - Mikael Backlund wins face-off versus Ryan Carpenter in neutral zone.
2:59 of 1st period - Off-side.
3:00 of 1st period - Mikael Backlund wins face-off versus Ryan Carpenter in neutral zone.
3:11 of 1st period - Shot by Noah Hanifin.
3:11 of 1st period - Stopped by Jacob Markstrom without a rebound.
3:12 of 1st period - Mark Scheifele wins face-off versus Andre Burakovsky in BOSTON Bruins zone.
3:12 of 1st period - Carter Verhaeghe is hit by Max Lajoie and loses puck.
3:16 of 1st period - Icing by Max Lajoie.
3:17 of 1st period - Mikael Backlund wins face-off versus Andre Burakovsky in BOSTON Bruins zone.
4:21 of 1st period - Kiril Kaprizov is hit by Dmitri Orlov and loses puck.
4:38 of 1st period - Nikolay Goldobin is hit by Zachary Senyshyn and loses puck.
5:15 of 1st period - Shot by Connor Timmins.
5:15 of 1st period - Shot Blocked by Dmitri Orlov.
5:18 of 1st period - Icing by Alex Iafallo.
5:19 of 1st period - Thomas Novak wins face-off versus Rickard Rakell in BOSTON Bruins zone.
5:36 of 1st period - Shot by Jonathan Marchessault.
5:36 of 1st period - Goal by Jonathan Marchessault - FLORIDA Panthers : 1 - BOSTON Bruins : 1.
5:37 of 1st period - Cody Eakin wins face-off versus Elias Pettersson in neutral zone.
5:44 of 1st period - Shot by Mark Scheifele.
5:44 of 1st period - Stopped by Jacob Markstrom without a rebound.
5:45 of 1st period - Mark Scheifele wins face-off versus Elias Pettersson in BOSTON Bruins zone.
6:14 of 1st period - Shot by Carter Verhaeghe.
6:14 of 1st period - Shot Misses the Net.
6:17 of 1st period - Icing by Rasmus Andersson.
6:18 of 1st period - Rickard Rakell wins face-off versus Elias Pettersson in BOSTON Bruins zone.
6:23 of 1st period - Shot by Justin Scott.
6:23 of 1st period - Stopped by Jacob Markstrom with a rebound.
6:53 of 1st period - Matt Dumba is hit by Michael Bunting.
6:56 of 1st period - Off-side.
6:57 of 1st period - Mark Scheifele wins face-off versus Andre Burakovsky in neutral zone.
7:29 of 1st period - Shot by Cody Eakin.
7:29 of 1st period - Stopped by Jacob Markstrom without a rebound.
7:30 of 1st period - Ryan Carpenter wins face-off versus Mikael Backlund in BOSTON Bruins zone.
7:47 of 1st period - Shot by Ryan Carpenter .
7:47 of 1st period - Stopped by Petr Mrazek without a rebound.
7:47 of 1st period - Minor Penalty to Petr Mrazek for Slashing.
7:48 of 1st period - Mark Scheifele wins face-off versus Jonathan Marchessault in FLORIDA Panthers zone.
8:51 of 1st period - Off-side.
8:52 of 1st period - Mikael Backlund wins face-off versus Andre Burakovsky in neutral zone.
8:54 of 1st period - Mario Ferraro is hit by Matt Dumba.
9:02 of 1st period - Shot by Mikael Backlund.
9:02 of 1st period - Shot Misses the Net.
9:55 of 1st period - Henri Jokiharju is hit by Barclay Goodrow and loses puck.
10:42 of 1st period - Shot by Rickard Rakell.
10:42 of 1st period - Shot Misses the Net.
10:44 of 1st period - Shot by Justin Scott.
10:44 of 1st period - Shot Misses the Net.
10:48 of 1st period - Shot by Rickard Rakell.
10:48 of 1st period - Goal by Rickard Rakell - FLORIDA Panthers : 2 - BOSTON Bruins : 1.
10:49 of 1st period - Mark Scheifele wins face-off versus Elias Pettersson in neutral zone.
11:04 of 1st period - Shot by Cody Eakin.
11:04 of 1st period - Stopped by Jacob Markstrom without a rebound.
11:05 of 1st period - Thomas Novak wins face-off versus Mikael Backlund in BOSTON Bruins zone.
11:31 of 1st period - Mikael Backlund is hit by Zachary Senyshyn and loses puck.
11:48 of 1st period - Shot by Kiril Kaprizov.
11:48 of 1st period - Shot Misses the Net.
12:15 of 1st period - Mark Scheifele is hit by Zachary Senyshyn and loses puck.
12:28 of 1st period - Shot by Ian Cole.
12:28 of 1st period - Shot Misses the Net.
12:45 of 1st period - Icing by Matt Dumba.
12:46 of 1st period - Rickard Rakell wins face-off versus Thomas Novak in BOSTON Bruins zone.
13:19 of 1st period - Shot by Justin Scott.
13:19 of 1st period - Stopped by Jacob Markstrom without a rebound.
13:20 of 1st period - Mikael Backlund wins face-off versus Elias Pettersson in BOSTON Bruins zone.
13:39 of 1st period - Shot by Elias Pettersson.
13:39 of 1st period - Shot Misses the Net.
14:36 of 1st period - Andre Burakovsky is hit by Noah Hanifin and loses puck.
14:39 of 1st period - Shot by Kaapo Kakko.
14:39 of 1st period - Shot Blocked by Nikolay Goldobin.
14:53 of 1st period - Shot by Andre Burakovsky.
14:53 of 1st period - Shot Misses the Net.
16:15 of 1st period - Shot by Michael Bunting.
16:15 of 1st period - Stopped by Jacob Markstrom without a rebound.
16:16 of 1st period - Morgan Geekie wins face-off versus Chris Kreider in BOSTON Bruins zone.
16:26 of 1st period - Minor Penalty to Jacob Trouba for Interference.
16:27 of 1st period - Andre Burakovsky wins face-off versus Mark Scheifele in FLORIDA Panthers zone.
16:28 of 1st period - Shot by Dmitri Orlov.
16:28 of 1st period - Stopped by Petr Mrazek without a rebound.
16:29 of 1st period - Mark Scheifele wins face-off versus Elias Pettersson in FLORIDA Panthers zone.
17:01 of 1st period - Shot by Mikael Granlund.
17:01 of 1st period - Stopped by Petr Mrazek without a rebound.
17:02 of 1st period - Mikael Backlund wins face-off versus Andre Burakovsky in FLORIDA Panthers zone.
17:38 of 1st period - Andre Burakovsky is hit by Jared Spurgeon and loses puck.
17:43 of 1st period - Shot by Rasmus Andersson.
17:43 of 1st period - Shot Blocked by Noah Hanifin.
17:45 of 1st period - Shot by Chris Kreider.
17:45 of 1st period - Stopped by Petr Mrazek without a rebound.
17:46 of 1st period - Elias Pettersson wins face-off versus Mark Scheifele in FLORIDA Panthers zone.
18:06 of 1st period - Icing by Matt Dumba.
18:07 of 1st period - Elias Pettersson wins face-off versus Mark Scheifele in BOSTON Bruins zone.
18:28 of 1st period - Shot by Zachary Senyshyn.
18:28 of 1st period - Stopped by Petr Mrazek with a rebound.
18:34 of 1st period - Shot by Justin Scott.
18:34 of 1st period - Goal by Justin Scott - FLORIDA Panthers : 3 - BOSTON Bruins : 1.
18:35 of 1st period - Andre Burakovsky wins face-off versus Rickard Rakell in neutral zone.
18:50 of 1st period - Shot by Andre Burakovsky.
18:50 of 1st period - Shot Misses the Net.
18:52 of 1st period - Shot by Rasmus Andersson.
18:52 of 1st period - Shot Misses the Net.
18:54 of 1st period - Shot by Chris Kreider.
18:54 of 1st period - Shot Misses the Net.
19:10 of 1st period - Shot by Andre Burakovsky.
19:10 of 1st period - Stopped by Petr Mrazek without a rebound.
19:11 of 1st period - Mark Scheifele wins face-off versus Elias Pettersson in FLORIDA Panthers zone.
19:11 of 1st period - Mark Scheifele is hit by Mikael Granlund.
19:14 of 1st period - Icing by Carter Verhaeghe.
19:15 of 1st period - Jonathan Marchessault wins face-off versus Mark Scheifele in FLORIDA Panthers zone.
Goals for this period are 3 for FLORIDA Panthers vs 1 for BOSTON Bruins.
Shots for this period are 11 for FLORIDA Panthers vs 9 for BOSTON Bruins.

2nd period


0:01 of 2nd period - Elias Pettersson wins face-off versus Nikolay Goldobin in neutral zone.
0:08 of 2nd period - Icing by Mikael Backlund.
0:09 of 2nd period - Mikael Backlund wins face-off versus Elias Pettersson in FLORIDA Panthers zone.
0:35 of 2nd period - Icing by Dmitri Orlov.
0:36 of 2nd period - Mark Scheifele wins face-off versus Elias Pettersson in BOSTON Bruins zone.
0:53 of 2nd period - Shot by Dmitri Orlov.
0:53 of 2nd period - Stopped by Petr Mrazek without a rebound.
0:54 of 2nd period - Rickard Rakell wins face-off versus Andre Burakovsky in FLORIDA Panthers zone.
1:16 of 2nd period - Off-side.
1:17 of 2nd period - Thomas Novak wins face-off versus Mikael Backlund in neutral zone.
1:40 of 2nd period - Shot by Kiril Kaprizov.
1:40 of 2nd period - Stopped by Jacob Markstrom without a rebound.
1:41 of 2nd period - Mark Scheifele wins face-off versus Elias Pettersson in BOSTON Bruins zone.
1:41 of 2nd period - Noah Hanifin is hit by Adam Boqvist and loses puck.
1:48 of 2nd period - Shot by Cody Eakin.
1:48 of 2nd period - Stopped by Jacob Markstrom without a rebound.
1:49 of 2nd period - Elias Pettersson wins face-off versus Mark Scheifele in BOSTON Bruins zone.
2:51 of 2nd period - Icing by Nikolay Goldobin.
2:52 of 2nd period - Mikael Backlund wins face-off versus Andre Burakovsky in FLORIDA Panthers zone.
2:52 of 2nd period - Mikael Backlund is hit by Chris Kreider.
3:07 of 2nd period - Kaapo Kakko is hit by Mario Ferraro and loses puck.
3:59 of 2nd period - Mikael Backlund is hit by Zachary Senyshyn and loses puck.
4:24 of 2nd period - Shot by Zachary Senyshyn.
4:24 of 2nd period - Shot Hit the Post.
4:33 of 2nd period - Icing by Mikael Backlund.
4:34 of 2nd period - Mikael Backlund wins face-off versus Elias Pettersson in FLORIDA Panthers zone.
4:44 of 2nd period - Icing by Rasmus Andersson.
4:45 of 2nd period - Elias Pettersson wins face-off versus Rickard Rakell in BOSTON Bruins zone.
4:56 of 2nd period - Shot by Elias Pettersson.
4:56 of 2nd period - Stopped by Petr Mrazek with a rebound.
5:06 of 2nd period - Shot by Mikael Granlund.
5:06 of 2nd period - Stopped by Petr Mrazek without a rebound.
5:07 of 2nd period - Mark Scheifele wins face-off versus Andre Burakovsky in FLORIDA Panthers zone.
7:24 of 2nd period - Shot by Barclay Goodrow.
7:24 of 2nd period - Shot Misses the Net.
7:26 of 2nd period - Shot by Barclay Goodrow.
7:26 of 2nd period - Goal by Barclay Goodrow - FLORIDA Panthers : 4 - BOSTON Bruins : 1.
7:26 of 2nd period - Frederik Andersen enters game.
7:27 of 2nd period - Mikael Backlund wins face-off versus Andre Burakovsky in neutral zone.
8:51 of 2nd period - Icing by Ian Cole.
8:52 of 2nd period - Elias Pettersson wins face-off versus Cody Eakin in FLORIDA Panthers zone.
9:26 of 2nd period - Adam Boqvist is hit by Noah Hanifin and loses puck.
11:16 of 2nd period - Shot by Ryan Carpenter .
11:16 of 2nd period - Shot Misses the Net.
11:30 of 2nd period - Shot by Walker Duehr.
11:30 of 2nd period - Stopped by Petr Mrazek with a rebound.
11:33 of 2nd period - Icing by Connor Timmins.
11:34 of 2nd period - Thomas Novak wins face-off versus Mikael Backlund in FLORIDA Panthers zone.
11:57 of 2nd period - Shot by Thomas Novak.
11:57 of 2nd period - Stopped by Petr Mrazek with a rebound.
12:00 of 2nd period - Icing by Connor Timmins.
12:01 of 2nd period - Mikael Backlund wins face-off versus Elias Pettersson in FLORIDA Panthers zone.
12:20 of 2nd period - Shot by Elias Pettersson.
12:20 of 2nd period - Shot Misses the Net.
12:22 of 2nd period - Shot by Mikael Granlund.
12:22 of 2nd period - Shot Misses the Net.
12:24 of 2nd period - Shot by Mikael Granlund.
12:24 of 2nd period - Stopped by Petr Mrazek with a rebound.
12:26 of 2nd period - Shot by Elias Pettersson.
12:26 of 2nd period - Stopped by Petr Mrazek without a rebound.
12:27 of 2nd period - Mark Scheifele wins face-off versus Ryan Carpenter in FLORIDA Panthers zone.
12:33 of 2nd period - Off-side.
12:34 of 2nd period - Andre Burakovsky wins face-off versus Mark Scheifele in neutral zone.
13:04 of 2nd period - Shot by Andre Burakovsky.
13:04 of 2nd period - Stopped by Petr Mrazek without a rebound.
13:05 of 2nd period - Elias Pettersson wins face-off versus Rickard Rakell in FLORIDA Panthers zone.
13:26 of 2nd period - Shot by Rickard Rakell.
13:26 of 2nd period - Deflect By Justin Scott.
13:26 of 2nd period - Stopped by Frederik Andersen without a rebound.
13:27 of 2nd period - Thomas Novak wins face-off versus Kiril Kaprizov in BOSTON Bruins zone.
13:48 of 2nd period - Shot by Connor Timmins.
13:48 of 2nd period - Stopped by Frederik Andersen with a rebound.
13:52 of 2nd period - Shot by Kiril Kaprizov.
13:52 of 2nd period - Deflect By Nikolay Goldobin.
13:52 of 2nd period - Shot Blocked by Dmitri Orlov.
14:08 of 2nd period - Shot by Kiril Kaprizov.
14:08 of 2nd period - Shot Misses the Net.
14:25 of 2nd period - Icing by Jared Spurgeon .
14:26 of 2nd period - Mark Scheifele wins face-off versus Elias Pettersson in FLORIDA Panthers zone.
14:46 of 2nd period - Icing by Jared Spurgeon .
14:47 of 2nd period - Mark Scheifele wins face-off versus Andre Burakovsky in FLORIDA Panthers zone.
14:47 of 2nd period - Jared Spurgeon is hit by Chris Kreider and loses puck.
14:58 of 2nd period - Shot by Andre Burakovsky.
14:58 of 2nd period - Stopped by Petr Mrazek without a rebound.
14:59 of 2nd period - Rickard Rakell wins face-off versus Elias Pettersson in FLORIDA Panthers zone.
15:09 of 2nd period - Off-side.
15:10 of 2nd period - Mikael Backlund wins face-off versus Chris Kreider in neutral zone.
15:17 of 2nd period - Shot by Kiril Kaprizov.
15:17 of 2nd period - Deflect By Nikolay Goldobin.
15:17 of 2nd period - Shot Blocked by Chris Kreider.
15:49 of 2nd period - Shot by Andre Burakovsky.
15:49 of 2nd period - Stopped by Petr Mrazek without a rebound.
15:50 of 2nd period - Rickard Rakell wins face-off versus Elias Pettersson in FLORIDA Panthers zone.
16:03 of 2nd period - Shot by Michael Bunting.
16:03 of 2nd period - Shot Misses the Net.
16:05 of 2nd period - Shot by Justin Scott.
16:05 of 2nd period - Stopped by Frederik Andersen without a rebound.
16:06 of 2nd period - Cody Eakin wins face-off versus Ryan Carpenter in BOSTON Bruins zone.
16:25 of 2nd period - Shot by Ryan Carpenter .
16:25 of 2nd period - Stopped by Petr Mrazek without a rebound.
16:26 of 2nd period - Mikael Granlund wins face-off versus Mikael Backlund in FLORIDA Panthers zone.
16:31 of 2nd period - Shot by Mikael Granlund.
16:31 of 2nd period - Stopped by Petr Mrazek without a rebound.
16:32 of 2nd period - Mikael Backlund wins face-off versus Elias Pettersson in FLORIDA Panthers zone.
16:47 of 2nd period - Icing by Matt Dumba.
16:48 of 2nd period - Elias Pettersson wins face-off versus Rickard Rakell in BOSTON Bruins zone.
17:00 of 2nd period - Minor Penalty to Justin Scott for Interference.
17:01 of 2nd period - Mark Scheifele wins face-off versus Andre Burakovsky in FLORIDA Panthers zone.
17:01 of 2nd period - Mark Scheifele is hit by Chris Kreider.
17:31 of 2nd period - Shot by Rasmus Andersson.
17:31 of 2nd period - Shot Misses the Net.
17:33 of 2nd period - Shot by Andre Burakovsky.
17:33 of 2nd period - Shot Misses the Net.
17:35 of 2nd period - Shot by Rasmus Andersson.
17:35 of 2nd period - Shot Misses the Net.
17:37 of 2nd period - Shot by Adam Boqvist.
17:37 of 2nd period - Stopped by Petr Mrazek without a rebound.
17:38 of 2nd period - Mark Scheifele wins face-off versus Elias Pettersson in FLORIDA Panthers zone.
19:20 of 2nd period - Minor Penalty to Adam Boqvist for Roughing.
19:21 of 2nd period - Andre Burakovsky wins face-off versus Mikael Backlund in BOSTON Bruins zone.
19:52 of 2nd period - Shot by Mario Ferraro.
19:52 of 2nd period - Stopped by Frederik Andersen without a rebound.
19:53 of 2nd period - Andre Burakovsky wins face-off versus Mark Scheifele in BOSTON Bruins zone.
Goals for this period are 1 for FLORIDA Panthers vs 0 for BOSTON Bruins.
Shots for this period are 7 for FLORIDA Panthers vs 13 for BOSTON Bruins.

3rd period


0:01 of 3rd period - Mark Scheifele wins face-off versus Andre Burakovsky in neutral zone.
0:03 of 3rd period - Noah Hanifin is hit by Mikael Granlund and loses puck.
0:44 of 3rd period - Shot by Jared Spurgeon .
0:44 of 3rd period - Stopped by Frederik Andersen without a rebound.
0:45 of 3rd period - Andre Burakovsky wins face-off versus Mikael Backlund in BOSTON Bruins zone.
0:47 of 3rd period - Dmitri Orlov is hit by Justin Scott and loses puck.
1:30 of 3rd period - Shot by Barclay Goodrow.
1:30 of 3rd period - Stopped by Frederik Andersen without a rebound.
1:31 of 3rd period - Thomas Novak wins face-off versus Mark Scheifele in BOSTON Bruins zone.
2:55 of 3rd period - Shot by Kiril Kaprizov.
2:55 of 3rd period - Stopped by Frederik Andersen without a rebound.
2:56 of 3rd period - Andre Burakovsky wins face-off versus Rickard Rakell in BOSTON Bruins zone.
3:10 of 3rd period - Off-side.
3:11 of 3rd period - Mikael Backlund wins face-off versus Elias Pettersson in neutral zone.
3:32 of 3rd period - Shot by Mikael Granlund.
3:32 of 3rd period - Shot Blocked by Ian Cole.
3:34 of 3rd period - Shot by Jonathan Marchessault.
3:34 of 3rd period - Shot Blocked by Ian Cole.
3:36 of 3rd period - Shot by Jonathan Marchessault.
3:36 of 3rd period - Stopped by Petr Mrazek without a rebound.
3:37 of 3rd period - Cody Eakin wins face-off versus Chris Kreider in FLORIDA Panthers zone.
3:49 of 3rd period - Shot by Noah Hanifin.
3:49 of 3rd period - Stopped by Frederik Andersen with a rebound.
4:51 of 3rd period - Shot by Kiril Kaprizov.
4:51 of 3rd period - Stopped by Frederik Andersen with a rebound.
4:53 of 3rd period - Shot by Kiril Kaprizov.
4:53 of 3rd period - Stopped by Frederik Andersen without a rebound.
4:54 of 3rd period - Elias Pettersson wins face-off versus Rickard Rakell in BOSTON Bruins zone.
4:54 of 3rd period - Elias Pettersson is hit by Justin Scott.
5:26 of 3rd period - Shot by Elias Pettersson.
5:26 of 3rd period - Deflect By Jonathan Marchessault.
5:26 of 3rd period - Shot Blocked by Jacob Trouba.
5:28 of 3rd period - Shot by Matt Dumba.
5:28 of 3rd period - Stopped by Petr Mrazek without a rebound.
5:29 of 3rd period - Ryan Carpenter wins face-off versus Mikael Backlund in FLORIDA Panthers zone.
6:21 of 3rd period - Minor Penalty to Rasmus Andersson for Interference.
6:22 of 3rd period - Mikael Backlund wins face-off versus Andre Burakovsky in BOSTON Bruins zone.
6:27 of 3rd period - Shot by Ian Cole.
6:27 of 3rd period - Shot Misses the Net.
6:57 of 3rd period - Shot by Mario Ferraro.
6:57 of 3rd period - Stopped by Frederik Andersen with a rebound.
8:41 of 3rd period - Shot by Thomas Novak.
8:41 of 3rd period - Stopped by Petr Mrazek without a rebound.
8:42 of 3rd period - Ryan Carpenter wins face-off versus Mark Scheifele in FLORIDA Panthers zone.
9:13 of 3rd period - Shot by Brandon Tanev.
9:13 of 3rd period - Stopped by Petr Mrazek without a rebound.
9:14 of 3rd period - Morgan Geekie wins face-off versus Elias Pettersson in FLORIDA Panthers zone.
9:14 of 3rd period - Minor Penalty to Mikael Granlund for Interference.
9:15 of 3rd period - Mark Scheifele wins face-off versus Andre Burakovsky in BOSTON Bruins zone.
10:22 of 3rd period - Shot by Mario Ferraro.
10:22 of 3rd period - Stopped by Frederik Andersen without a rebound.
10:23 of 3rd period - Mikael Backlund wins face-off versus Ryan Carpenter in BOSTON Bruins zone.
10:23 of 3rd period - Mikael Backlund is hit by Adam Boqvist.
11:30 of 3rd period - Minor Penalty to Mikael Granlund for Diving.
11:31 of 3rd period - Andre Burakovsky wins face-off versus Mark Scheifele in BOSTON Bruins zone.
11:37 of 3rd period - Icing by Kiril Kaprizov.
11:38 of 3rd period - Mark Scheifele wins face-off versus Andre Burakovsky in FLORIDA Panthers zone.
11:44 of 3rd period - Icing by Kiril Kaprizov.
11:45 of 3rd period - Andre Burakovsky wins face-off versus Kiril Kaprizov in FLORIDA Panthers zone.
12:21 of 3rd period - Shot by Nikolay Goldobin.
12:21 of 3rd period - Stopped by Frederik Andersen with a rebound.
12:23 of 3rd period - Shot by Kiril Kaprizov.
12:23 of 3rd period - Shot Misses the Net.
12:25 of 3rd period - Shot by Mark Scheifele.
12:25 of 3rd period - Shot Misses the Net.
13:09 of 3rd period - Shot by Justin Scott.
13:09 of 3rd period - Stopped by Frederik Andersen without a rebound.
13:10 of 3rd period - Ryan Carpenter wins face-off versus Mark Scheifele in BOSTON Bruins zone.
14:01 of 3rd period - Shot by Zachary Senyshyn.
14:01 of 3rd period - Shot Blocked by Jacob Trouba.
15:00 of 3rd period - Shot by Mikael Granlund.
15:00 of 3rd period - Shot Misses the Net.
16:03 of 3rd period - Ryan Carpenter is hit by Barclay Goodrow and loses puck.
16:28 of 3rd period - Shot by Ryan Carpenter .
16:28 of 3rd period - Shot Blocked by Connor Timmins.
17:22 of 3rd period - Shot by Alex Iafallo.
17:22 of 3rd period - Shot Blocked by Connor Timmins.
18:00 of 3rd period - Shot by Mikael Granlund.
18:00 of 3rd period - Stopped by Petr Mrazek without a rebound.
18:01 of 3rd period - Andre Burakovsky wins face-off versus Mark Scheifele in FLORIDA Panthers zone.
18:01 of 3rd period - Andre Burakovsky is hit by Ian Cole.
18:13 of 3rd period - Shot by Andre Burakovsky.
18:13 of 3rd period - Shot Misses the Net.
18:28 of 3rd period - Icing by Max Lajoie.
18:29 of 3rd period - Mikael Backlund wins face-off versus Andre Burakovsky in BOSTON Bruins zone.
18:59 of 3rd period - Icing by Noah Hanifin.
19:00 of 3rd period - Mikael Backlund wins face-off versus Elias Pettersson in FLORIDA Panthers zone.
19:12 of 3rd period - Minor Penalty to Matt Dumba for Hooking.
19:13 of 3rd period - Mikael Backlund wins face-off versus Andre Burakovsky in BOSTON Bruins zone.
19:44 of 3rd period - Mikael Granlund is hit by Justin Scott and loses puck.
Goals for this period are 0 for FLORIDA Panthers vs 0 for BOSTON Bruins.
Shots for this period are 10 for FLORIDA Panthers vs 5 for BOSTON Bruins.